 Dungeon Crawl Stone Soup version 0.26.1-11-gd32895ea62 (webtiles) character file.

Game seed: 11268025850196943542

1674 jlumianski the Summoner (level 8, -7/27 HPs)
             Began as a Felid Summoner on May 5, 2021.
             Was an Initiate of Hepliaklqana.
             Mangled by a wyvern (12 damage)
             ... on level 8 of the Dungeon.
             The game lasted 01:51:19 (12990 turns).

jlumianski the Summoner (Felid Summoner)           Turns: 12990, Time: 01:51:20

Health: -7/27      AC:  6    Str:  4    XL:     8   Next: 70%
Magic:  10/20      EV: 19    Int: 19    God:    Hepliaklqana [......]
Gold:   317        SH:  0    Dex: 16    Spells: 8/22 levels left
                                        Lives:  0   Deaths: 2

rFire    + . .     SeeInvis +     - Unarmed
rCold    . . .     Faith    .   (shield unavailable)
rNeg     . . .     Spirit   .   (armour unavailable)
rPois    .         Reflect  .   (helmet unavailable)
rElec    .         Harm     .   (cloak unavailable)
rCorr    .         Rampage  .   (gloves unavailable)
Will     +....                  (boots unavailable)
Stlth    +++.......             u - amulet of regeneration
HPRegen  0.49/turn              f - +4 ring of protection
MPRegen  0.17/turn              y - ring of protection from fire

@: quick
A: very small, no armour, no weapons or thrown items, stealth, reduced essence,
claws 1, fangs 3, see invisible, speed 1, shaggy fur 2, sharp paws
a: Renounce Religion, Recall Ancestor, Ancestor Identity


You were on level 8 of the Dungeon.
You worshipped Hepliaklqana.
Hepliaklqana was noncommittal.
You visited 2 branches of the dungeon, and saw 9 of its levels.

You collected 317 gold pieces.

Inventory:

Jewellery
 c - an uncursed amulet of reflection
 f - a +4 ring of protection (left paw)
 k - a +4 ring of protection
 s - an uncursed ring of resist corrosion
 u - an amulet of regeneration (around neck)
 w - an uncursed ring of protection from cold
 y - a ring of protection from fire (right paw)
 z - a cursed -4 ring of protection
 C - the ring of Retekhuthoq {rElec Str+3 Int+6 Stlth-}
   (You acquired it on level 7 of the Dungeon)

   [ring of intelligence]

   It affects your strength (+3).
   It affects your intelligence (+6).
   It insulates you from electricity.
   It makes you less stealthy.
 E - an uncursed amulet of magic regeneration
Wands
 l - a wand of digging (8)
Scrolls
 a - 2 scrolls of magic mapping
 b - 4 scrolls of amnesia
 i - 2 scrolls of enchant weapon
 j - a scroll of immolation {unknown}
 m - a scroll of blinking {unknown}
 r - 2 scrolls of teleportation
 x - 2 scrolls of fear
 B - a scroll of remove curse
Potions
 d - 2 potions of resistance
 e - 3 potions of curing
 g - a potion of cancellation
 h - 2 potions of brilliance
 n - a potion of ambrosia
 o - a potion of haste {unknown}
 p - a potion of flight {unknown}
 q - a potion of attraction {unknown}
 t - a potion of lignification {unknown}
 v - 5 potions of heal wounds {unknown}
 A - a potion of invisibility {unknown}


   Skills:
 + Level 0.4 Fighting
 + Level 4.3 Dodging
 * Level 4.9 Stealth
 + Level 1.6 Unarmed Combat
 + Level 7.8 Spellcasting
 + Level 9.2 Summonings
 + Level 0.3 Air Magic


You had 8 spell levels left.
You knew the following spells:

 Your Spells              Type           Power        Failure   Level
a - Summon Guardian Gole  Hex/Summ       24%          4%          3
b - Call Imp              Summ           42%          1%          2
c - Call Canine Familiar  Summ           42%          1%          3
d - Summon Lightning Spi  Summ/Air       25%          13%         4
e - Passwall              Tmut/Erth      5%           14%         2

Your spell library contained the following spells:

 Spells                   Type           Power        Failure   Level
 Summon Small Mammal      Summ           100%         1%          1
 Corona                   Hex            7%           10%         1
 Freeze                   Ice            28%          10%         1
 Sandblast                Erth           14%          10%         1
 Slow                     Hex            7%           14%         2
 Summon Ice Beast         Ice/Summ       24%          14%         4
 Inner Flame              Hex/Fire       7%           28%         3
 Stone Arrow              Conj/Erth      14%          28%         3
 Cause Fear               Hex            3%           67%         4
 Ice Form                 Ice/Tmut       7%           67%         4
 Leda's Liquefaction      Hex/Erth       3%           67%         4
 Petrify                  Tmut/Erth      7%           67%         4
 Monstrous Menagerie      Summ           21%          87%         7
 Summon Greater Demon     Summ           21%          87%         7
 Lee's Rapid Deconstruct  Erth           3%           95%         5
 Starburst                Conj/Fire      3%           100%        6
 Malign Gateway           Summ/Tloc      12%          100%        7
 Ignition                 Fire           3%           100%        8
 Summon Horrible Things   Summ           21%          100%        8
 Portal Projectile        Hex/Tloc       Unusable     N/A         3

Dungeon Overview and Level Annotations

Branches:
Dungeon (8/15)             Temple (1/1) D:5
   Lair: D:8-11

Altars:
Ashenzari
Cheibriados
Elyvilon
Fedhas
Gozag
Hepliaklqana
Kikubaaqudgha
Makhleb
Nemelex Xobeh
Qazlal
Ru
Sif Muna
Trog
Uskayaw
Vehumet
Wu Jian
Xom
Yredelemnul
Zin
The Shining One

Shops:
D:7 [

Annotations:
D:8 Maggie


Innate Abilities, Weirdness & Mutations

You cannot wear armour.
You are incapable of wielding weapons or throwing items.
Your paws allow you to move quietly. (Stealth)
You have sharp claws.
You have razor-sharp teeth.
You have supernaturally acute eyesight. (SInv)
You cover ground quickly.
You are covered in thick fur. (AC +2)
Your sharp claws are effective at attacking unaware monsters.
Your life essence is reduced to manifest your ancestor. (-10% HP)


Message History

Inhapi resists.
The bolt of fire hits your lightning spire.
Your lightning spire resists.
The bolt of fire hits you! You resist.
* * * LOW HITPOINT WARNING * * *
As you read the scroll of teleportation, it crumbles to dust.
You feel strangely unstable.
Your wolf bites the wyvern.
The wyvern barely misses you.
Your crimson imp hits Maggie.
Maggie casts a spell at you.
The bolt of fire hits Inhapi!
Inhapi resists.
The bolt of fire hits your lightning spire.
Your lightning spire resists.
The bolt of fire misses you.
You feel strangely stable.
Your magical effects are unravelling.
You feel magically purged.
You break out of your daze.
Your wolf closely misses the wyvern.
The wyvern bites you!
You die...

#.##.## ##.. ##
##########.##..#####....#
.
#.....).....)...........#
#....)####.....####....(#
#.#'### #..####
##.######. #.#[..# ####
+.......l #.#(..# #..+
#.#
..#...#+##5^###########†#
.R#...#...@R.8..@#..#.((#
..#.5.#..####...l#..+..(#
..##'###.# ####h##'###)#
...#...R5# #..'.).'.##
.R.#...#.#### #..#.).#..#
.R.##'##@#.@# ##.###'#..#
>R.#..#.g'..# #..#.5#..#
#R.#..#..#..#
#..#.†#..########
#R#####..####
#.##'##........#.


You could see the friendly Inhapi the ancestor, Maggie, a wyvern, a friendly
wolf (summoned), a friendly lightning spire (summoned) and a friendly crimson
imp (summoned).

Vanquished Creatures
  A phantom (D:4)
  An orc wizard (D:6)
  A leopard gecko (D:7)
  An orc (D:5)
  A bat (D:1)
  A giant cockroach (D:7)
  4 goblins
  2 hobgoblins
  A frilled lizard (D:3)
  3 kobolds
  2 rats (D:1)
18 creatures vanquished.

Vanquished Creatures (collateral kills)
  Harold (D:7)
  Pikel (D:7)
  Prince Ribbit (D:8)
  A basilisk (D:8)
  Eustachio (D:3)
  2 orc warriors
  2 ogres
  2 centaurs (D:5)
  2 lemures (D:7)
  A big kobold (D:7)
  5 bullfrogs
  A wyvern skeleton (D:7)
  A water moccasin zombie (D:7)
  A scorpion (D:4)
  4 howler monkeys
  2 bullfrog zombies
  3 hounds
  A quasit (D:6)
  5 orc priests
  A jelly (D:6)
  7 orc wizards
  3 iguanas
  9 worker ants
  A hound skeleton (D:7)
  10 gnolls
  9 adders
  A white imp (D:5)
  2 ufetubi
  An ooze (D:1)
  An adder zombie (D:8)
  5 worms
  2 dart slugs
  3 leopard geckos
  21 orcs
  4 giant cockroaches
  12 goblins
  3 hobgoblins (D:3)
  11 jackals
  4 bats
  3 frilled lizards
  11 kobolds
  5 rats
  A spectral orc (D:6)
167 creatures vanquished.

Vanquished Creatures (others)
  An iguana (D:7)
  6 ancestors
  30 plants
37 creatures vanquished.

Grand Total: 222 creatures vanquished

Notes
Turn   | Place    | Note
-------+----------+-------------------------------------------
     0 | D:1      | jlumianski the Felid Summoner began the quest for the Orb.
     0 | D:1      | Reached XP level 1. HP: 7/7 MP: 4/4
   579 | D:1      | Reached XP level 2. HP: 11/11 MP: 1/6
   590 | D:1      | Learned a level 2 spell: Call Imp
  1540 | D:2      | Reached XP level 3. HP: 14/14 MP: 5/8
  1992 | D:2      | Found a bloodstained altar of Trog.
  2022 | D:2      | Found a burning altar of Makhleb.
  2022 | D:2      | Found a glowing golden altar of the Shining One.
  2022 | D:2      | Found a shimmering altar of Xom.
  3419 | D:3      | Reached XP level 4. HP: 15/18 MP: 3/9
  3725 | D:3      | Found a faded altar of an unknown god.
  4278 | D:3      | Learned a level 3 spell: Call Canine Familiar
  4579 | D:4      | Noticed Eustachio
  4932 | D:3      | Killed Eustachio
  4933 | D:3      | Reached skill level 5 in Summonings
  4933 | D:3      | Reached XP level 5. HP: 21/21 MP: 2/11
  5279 | D:4      | Noticed a phantom
  5303 | D:4      | Noticed an ogre
  5371 | D:4      | Killed an ogre
  5541 | D:4      | Killed a phantom
  5542 | D:4      | Gained mutation: You are covered in thick fur. (AC +2)
                  | [Felid growth]
  5542 | D:4      | Reached XP level 6. HP: 19/24 MP: 0/12
  6232 | D:4      | Found a glowing silver altar of Zin.
  6233 | D:4      | Found an opulent altar of Gozag.
  6300 | D:5      | Entered Level 5 of the Dungeon
  6448 | D:5      | Reached skill level 6 in Summonings
  6644 | D:5      | Found a staircase to the Ecumenical Temple.
  6661 | Temple   | Entered the Ecumenical Temple
  6740 | Temple   | Became a worshipper of Elyvilon the Healer
  6881 | Temple   | Fell from the grace of Elyvilon
  8289 | D:6      | Noticed an orc warrior
  8370 | D:6      | Reached XP level 7. HP: 27/27 MP: 7/15
  8907 | D:6      | Reached skill level 5 in Spellcasting
  9136 | D:7      | Reached skill level 7 in Summonings
  9186 | D:7      | Found a snail-covered altar of Cheibriados.
  9187 | D:7      | Found Cheibriados's Comfort Zone.
  9262 | D:7      | Shot with an arrow by a centaur
  9263 | D:7      | Reached XP level 6. HP: -3/24 MP: 5/15
  9362 | D:7      | Reached skill level 1 in Unarmed Combat
  9830 | D:5      | Reached XP level 7. HP: 27/27 MP: 8/16
 10199 | D:6      | Found a basalt altar of Yredelemnul.
 10506 | D:6      | Found a hazy altar of Hepliaklqana.
 10512 | D:6      | Became a worshipper of Hepliaklqana the Forgotten
 10632 | D:6      | Learned a level 3 spell: Summon Guardian Golem
 11155 | D:7      | Noticed Harold
 11204 | D:7      | Slain by Harold
 11205 | D:7      | Reached XP level 6. HP: -4/21 MP: 9/15
 11227 | D:7      | Killed Harold
 11228 | D:7      | Reached skill level 8 in Summonings
 11228 | D:7      | Reached XP level 7. HP: 25/25 MP: 1/18
 11431 | D:7      | Noticed Pikel
 11458 | D:7      | Killed Pikel
 11459 | D:7      | Reached XP level 8. HP: 27/27 MP: 19/19
 11629 | D:7      | Reached skill level 9 in Summonings
 11875 | D:7      | Found a radiant altar of Vehumet.
 12024 | D:7      | Identified 2 scrolls of acquirement
 12024 | D:7      | Acquired a Grand Grimoire
 12026 | D:7      | Acquired the ring of Retekhuthoq {rElec Str+3 Int+6 Stlth-}
 12035 | D:7      | Learned a level 4 spell: Summon Lightning Spire
 12462 | D:8      | Found a hide-covered altar of Uskayaw.
 12463 | D:8      | Noticed a +0 hand axe
 12463 | D:8      | Noticed a +0 hand axe
 12484 | D:8      | Identified the Volume of Cold and the Blaze
 12489 | D:8      | Learned a level 2 spell: Passwall
 12614 | D:8      | Noticed Prince Ribbit
 12631 | D:8      | Killed Prince Ribbit
 12958 | D:8      | Noticed Maggie
 12990 | D:8      | Mangled by a wyvern

Illustrated notes

Levels and vault maps discovered:
D:1:      erik_arrival_triangle_huge, layout_loops_ring, corner_web_ring,
          serial_bayou_lagoon_a
D:2:      layout_basic, grunt_temple_overflow_open
D:3:      layout_loops_cross, chequers_ecumenical_altar_simple_redux,
          due_unseen_surprise
D:4:      layout_loops_ring, grunt_temple_overflow_gold_and_silver,
          grunt_ministairs_4, minmay_crystal_water, uniq_eustachio
D:5:      layout_basic, minmay_temple_entry_tees
D:6:      layout_rooms, lemuel_doored_altar, yredelemnul_forgotten_temple_becter
D:7:      layout_loops_ring, vehumet_crystals, enter_bailey_3,
          kennysheep_small_spiral, nicolae_zen_rock_garden, minmay_shop_chei,
          uniq_harold, uniq_pikel
D:8:      corexii_shantytown, layout_rooms, dancing_weapons_uskayaw,
          david_lair_generic, uniq_maggie, uniq_prince_ribbit1
Temple:   eino_temple_lava

Skill      XL: |  1  2  3  4  5  6  7  8 |
---------------+-------------------------+-----
Spellcasting   | 3 6 7 |  7.8
Dodging        | 3 4 |  4.3
Stealth        | 3 4 |  4.9
Summonings     | 5 8 7 9 |  9.2
Unarmed Combat | 1 |  1.6
Fighting       | |  0.4
Air Magic      | |  0.3

Action                   |  1- 3 |  4- 6 |  7- 9 || total
-------------------------+-------+-------+-------++-------
Melee: Unarmed           |    15 |    33 |    42 ||    90
       Bite              |     1 |     5 |     1 ||     7
 Cast: Summon Small Mamm |    40 |     4 |       ||    44
       Call Imp          |    61 |   138 |    76 ||   275
       Call Canine Famil |       |    29 |    33 ||    62
       Summon Guardian G |       |       |     1 ||     1
       Summon Lightning  |       |       |     7 ||     7
Invok: Renounce Religion |       |     1 |       ||     1
Evoke: Wand              |       |     1 |     1 ||     2
  Use: Scroll            |     5 |     8 |     7 ||    20
       Potion            |     1 |     1 |     4 ||     6
 Stab: Sleeping          |     5 |     1 |     5 ||    11
       Distracted        |       |     6 |       ||     6
Armor: Skin              |     7 |    23 |    20 ||    50
Dodge: Dodged            |    56 |   111 |   143 ||   310
Block: Other             |     3 |    16 |       ||    19
